 Dungeon Crawl Stone Soup version 0.31-a0-455-g1a7b003ef0 (webtiles) character file.

Game seed: 4392305640694240046

5 testman the Changeling (level 1, 0/15 HPs)
             Began as a Demonspawn Shapeshifter on Aug 4, 2023.
             Slain by a quokka (5 damage)
             ... on level 1 of the Dungeon.
             The game lasted 00:00:21 (80 turns).

testman the Changeling (Demonspawn Shapeshifter)      Turns: 80, Time: 00:00:22

Health: 0/15       AC:  2    Str: 15    XL:     1   Next: 66%
Magic:  1/1        EV: 12    Int:  9    God:
Gold:   4          SH:  0    Dex: 13    Spells: 0/0 levels left

rFire   . .          .
                       - Unarmed
rCold   . . .        (no shield)
rNeg    . . .        a - +0 animal skin
rPois   .            (helmet currently unavailable)
rElec   .            (cloak currently unavailable)
rCorr   .            (gloves currently unavailable)
SInv    .            (boots currently unavailable)
Will    .....        (no amulet)
Stlth   +            (no ring)
HPRegen 0.22/turn    (no ring)
MPRegen 0.07/turn

%: no passive effects
@: beast-form
A: beast (slay +1)
a: Begin Untransformation


You were on level 1 of the Dungeon.
You were a hulking beast.
You visited 1 branch of the dungeon, and saw 1 of its levels.

You collected 4 gold pieces.

Inventory:

Armour
 a - a +0 animal skin (worn)
Talismans
 c - a beast talisman (active)
Scrolls
 d - a scroll of teleportation {unknown}
Potions
 b - a potion of lignification


   Skills:
 + Level 1.2 Fighting
 + Level 1.9 Dodging
 + Level 2.7 Unarmed Combat
 + Level 2.7 Shapeshifting


You couldn't memorise any spells.
You didn't know any spells.
Your spell library was empty.

Dungeon Overview and Level Annotations

Branches:
Dungeon (1/15)

Altars:


Message History

A hobgoblin and a quokka come into view.
Found an amethyst potion.
The bat hits you but does no damage.
A hobgoblin comes into view.
The bat barely misses you.
The hobgoblin shouts!
You barely miss the hobgoblin.
The hobgoblin shouts!
The bat hits you but does no damage. The hobgoblin hits you.
You hit the hobgoblin but do no damage. The bat barely misses you.
The hobgoblin hits you.
You hit the hobgoblin.
The hobgoblin is lightly wounded.
The bat barely misses you. The hobgoblin closely misses you.
You hit the hobgoblin.
The hobgoblin is lightly wounded.
The bat closely misses you. The hobgoblin closely misses you.
You closely miss the hobgoblin.
The hobgoblin is lightly wounded.
The bat hits you but does no damage.
The quokka bites you but does no damage.
The hobgoblin barely misses you.
You hit the hobgoblin but do no damage.
The hobgoblin is lightly wounded.
The bat barely misses you. The quokka barely misses you.
The hobgoblin misses you. The quokka misses you.
You hit the hobgoblin.
You kill the hobgoblin!
The bat hits you but does no damage. The hobgoblin hits you.
The quokka bites you.
You closely miss the quokka. The bat barely misses you. The quokka bites you.
The hobgoblin barely misses you.
Unknown command.
You are too injured to fight recklessly!
The quokka attacks as you move away! The quokka bites you.
* * * LOW HITPOINT WARNING * * *
The bat hits you but does no damage. The quokka attacks as you move away!
The quokka misses you. The hobgoblin attacks as you move away!
The hobgoblin barely misses you. The quokka bites you.
You die...

#..# ### ###..#
#...####
####...##
#....#####....###
#...#...####
###...###
##.########
#....)....#
####.######>...
#.h..# .
#r#######
#bg.b...#
##......#
#..†......#
#.........#
#..#......#
#..#......#
#.!.......#


You could see a quokka and a bat.

Vanquished Creatures
  A giant cockroach (D:1)
  A goblin (D:1)
  A hobgoblin (D:1)
  2 ball pythons (D:1)
5 creatures vanquished.

Notes
Turn   | Place    | Note
-------+----------+-------------------------------------------
     0 | D:1      | testman the Demonspawn Shapeshifter began the quest for the
                  | Orb.
     0 | D:1      | Reached XP level 1. HP: 15/15 MP: 1/1
    80 | D:1      | Slain by a quokka

Illustrated notes

Levels and vault maps discovered:
D:1:      minmay_arrival_split_and_join, layout_basic, minmay_three_crescents

Action                     || total
---------------------------++-------
  Melee: Unarmed           ||    22
 Armour: Animal skin       ||     8
  Dodge: Dodged            ||    26

Table legend: (Time is in decaauts)
 A = Elapsed time spent in this place.
 B = Non-inter-level travel time spent in this place.
 C = Inter-level travel time spent in this place.
 D = Time resting spent in this place.
 E = Time spent auto-exploring this place.
 F = Levels seen in this place.
 G = Mean time per level.
                   A        B        C        D        E       F      G
               +--------+--------+--------+--------+--------+-----+--------+
         Total |     79 |     79 |      0 |      0 |     44 |   1 |   79.0 |
       Dungeon |     79 |     79 |      0 |      0 |     44 |   1 |   79.0 |
               +--------+--------+--------+--------+--------+-----+--------+

Top non-repeatable levels by time:
     D:1: 79 daAuts
